 Dungeon Crawl Stone Soup version 0.30.1-4-g462c640d31 (webtiles) character file.

Game seed: 379006860215418131

18684 MrPagan1517 the Fencer (level 12, -3/112 HPs)
             Began as a Minotaur Fighter on Aug 21, 2023.
             Was a Priest of Qazlal.
             Slain by a ghost moth (16 damage)
             ... on level 1 of the Spider Nest.
             The game lasted 00:42:34 (10238 turns).

MrPagan1517 the Fencer (Minotaur Fighter)          Turns: 10238, Time: 00:42:35

Health: -3/112     AC: 14    Str: 26 (27) XL:     12   Next: 29%
Magic:  0/20       EV: 10    Int:  5      God:    Qazlal [***...]
Gold:   546        SH: 13    Dex: 26      Spells: 10/11 levels left

rFire   . . .        d - +1 falchion (freeze)
rCold   + + .        l - +1 buckler of the Endless Expanse {rC+ Regen+ Str+2 Dex+5}
rNeg    . . .        n - +3 ring mail {rC+}
rPois   .            (helmet restricted)
rElec   .            C - +0 cloak
rCorr   .            B - +0 pair of gloves
SInv    .            q - +0 pair of boots
Will    .....        (no amulet)
Stlth   +            r - +6 ring of dexterity
HPRegen 1.18/turn    o - ring of the Disturbing Planets {MP+9 Dex+4}
MPRegen 0.17/turn

%: no passive effects
@: lethally poisoned (-3 -> -18)
A: horns 2, retaliatory headbutt
a: Renounce Religion, Upheaval, Elemental Force


You were on level 1 of the Spider Nest.
You worshipped Qazlal.
Qazlal was most pleased with you.
You visited 4 branches of the dungeon, and saw 14 of its levels.

You collected 546 gold pieces.

Inventory:

Hand Weapons
 a - a +0 long sword
 d - a +1 falchion of freezing (weapon)
 e - a +3 dagger
Armour
 b - a +1 scale mail
 l - the +1 buckler of the Endless Expanse (worn) {rC+ Regen+ Str+2 Dex+5}
   (You found it on level 2 of the Dungeon)

   Str:       It affects your strength (+2).
   Dex:       It affects your dexterity (+5).
   rC:        It protects you from cold.
   Regen:     It increases your rate of health regeneration.
 n - a +3 ring mail of cold resistance (worn)
 q - a +0 pair of boots (worn)
 z - +0 steam dragon scales
 B - a +0 pair of gloves (worn)
 C - a +0 cloak (worn)
Jewellery
 m - a ring of protection from cold
 o - the ring of the Disturbing Planets (right hand) {MP+9 Dex+4}
   (You acquired it on level 4 of the Dungeon)

   [ring of magical power]

   Dex:       It affects your dexterity (+4).
   MP:        It affects your magic capacity (+9).
 r - a +6 ring of dexterity (left hand)
Wands
 p - a wand of light (31)
 u - a wand of roots (8)
 F - a wand of mindburst (7)
Scrolls
 f - a scroll of amnesia {unknown}
 s - 4 scrolls of teleportation
 y - 2 scrolls of magic mapping
 E - a scroll of brand weapon
 G - 2 scrolls of identify
 H - a scroll of enchant armour
 I - a scroll of summoning {unknown}
Potions
 c - a potion of heal wounds
 g - 5 potions of mutation
 h - 2 potions of resistance
 i - 2 potions of lignification
 j - 3 potions of flight
 k - a potion of magic
 w - a potion of brilliance
 x - 2 potions of haste
 A - a potion of cancellation
 D - a potion of attraction {unknown}


   Skills:
 + Level 11.9 Fighting
 + Level 15.2 Long Blades
 + Level 10.7 Armour
 + Level 12.4 Shields


You had 10 spell levels left.
You knew the following spells:

 Your Spells              Type           Power      Damage    Failure   Level
a - Magic Dart            Conj           0%         1d3       63%         1

Your spell library contained the following spells:

 Spells                   Type           Power      Damage    Failure   Level
 Apportation              Tloc           0%         N/A       63%         1
 Summon Small Mammal      Summ           0%         N/A       63%         1
 Call Imp                 Summ           0%         N/A       77%         2
 Momentum Strike          Conj/Tloc      0%         3d8       77%         2
 Call Canine Familiar     Summ           0%         N/A       94%         3
 Gell's Gravitas          Tloc           0%         N/A       94%         3
 Mephitic Cloud           Conj/Pois/Air  0%         N/A       94%         3
 Summon Guardian Golem    Hex/Summ       0%         N/A       94%         3
 Teleport Other           Tloc           0%         N/A       94%         3
 Manifold Assault         Tloc           0%         N/A       100%        4
 Summon Forest            Summ/Tloc      0%         N/A       100%        5
 Dispersal                Tloc           0%         N/A       100%        6
 Orb of Destruction       Conj           0%         9d5       100%        7
 Spellforged Servitor     Conj/Summ      0%         N/A       100%        7


Dungeon Overview and Level Annotations

Branches:
Dungeon (9/15)             Temple (1/1) D:6            Lair (3/5) D:9
  Swamp (0/4) Lair:2       Spider (1/4) Lair:3          Orc (0/2) D:9

Altars:
Ashenzari
Cheibriados
Dithmenos
Elyvilon
Fedhas
Gozag
Hepliaklqana
Kikubaaqudgha
Nemelex Xobeh
Okawaru
Qazlal
Ru
Sif Muna
Trog
Uskayaw
Wu Jian
Xom
Yredelemnul
Zin
The Shining One

Shops:
D:5 [   D:8 :

Annotations:
D:1 1 transporter


Innate Abilities, Weirdness & Mutations

You have a pair of horns on your head.
You reflexively headbutt those who attack you in melee.


Message History

You feel your power leaking away.
You slice the redback!! You freeze the redback.
You kill the redback!
Qazlal accepts your kill.
You feel very sick. The jumping spider pounces on you!
You are caught in a web!
The jumping spider bites you. The redback bites you.
You are more poisoned.
The redback poisons you!
The redback bites you but does no damage.
You feel you are being watched by something.
Blink to where?
Press: ? - help, Q - select action, (/) - cycle Dir - move target
As you read the scroll of blinking, it crumbles to dust.
You feel extremely sick.
You feel you are being watched by something.
Something hits you but does no damage.
Deactivating autopickup; reactivate with Ctrl-A.
Something hits you but does no damage.
Something stings you but does no damage.
Read: scroll of fear
Press: ? - help, Q - select action, (/) - cycle Dir - look around, f - activate
As you read the scroll of fear, it crumbles to dust.
You assume a fearsome visage.
The redback looks frightened! x4; The jumping spider looks frightened!
You feel extremely sick.
The jumping spider leaps!
Something hits you but does no damage. Something hits you!
* * * LOW HITPOINT WARNING * * *
You feel weakened.
Something stings you but does no damage.
* * * LOW HITPOINT WARNING * * *
You feel extremely sick.
The redback is engulfed in a thunderstorm.
You kill the redback!
Qazlal accepts your kill.
You feel you are being watched by something.
You feel your power leaking away. Something hits you!
You die...

. . . ~ #.
°... ~#. .#?..
####.# ...#..
#≈...##......
#~..^#..#...
#.@§........
#§.{.§......
#...#...#...
#~.#s...s.....
##~..#.#s#....
##~.#........
#≈..... ...#.
###≈.........
###... ....


You could see 3 redbacks.

Vanquished Creatures
  A two-headed ogre (D:8)
  A boulder beetle (Lair:2)
  4 death yaks (Lair:3)
  A skyshark (Lair:2)
  A wolf spider (Lair:3)
  A black mamba (Lair:1)
  8 cane toads
  A rime drake (Lair:2)
  7 komodo dragons
  A hornet (D:9)
  A polar bear (Lair:3)
  2 wyverns
  A wraith (D:9)
  Eustachio (D:4)
  2 basilisks
  18 yaks
  2 steam dragons
  2 redbacks (Spider:1)
  2 acid dragons (D:8)
  6 water moccasins
  4 orc warriors
  6 sky beasts
  6 black bears
  An ogre (D:4)
  2 centaurs
  9 wolves (Lair:1)
  A phantom (D:5)
  8 bullfrogs
  2 scorpions
  A gnoll sergeant (D:9)
  5 wights (D:8)
  2 electric eels
  8 hounds
  A jelly (D:5)
  5 orc priests
  4 hell rats (Lair:1)
  A sleepcap (D:5)
  4 iguanas
  7 orc wizards
  15 adders
  4 gnolls (D:9)
  2 shadow imps
  A worm (D:5)
  5 dart slugs
  21 orcs
  4 ball pythons
  9 endoplasms
  A giant cockroach (D:4)
  7 hobgoblins
  7 jackals
  3 kobolds (D:1)
  3 quokkas
  2 bats (D:2)
  4 frilled lizards
  5 goblins
  9 rats
242 creatures vanquished.

Notes
Turn   | Place    | Note
-------+----------+-------------------------------------------
     0 | D:1      | MrPagan1517 the Minotaur Fighter began the quest for the
                  | Orb.
     0 | D:1      | Reached XP level 1. HP: 19/19 MP: 0/0
   202 | D:1      | Reached XP level 2. HP: 23/27 MP: 1/1
   920 | D:2      | Reached XP level 3. HP: 33/33 MP: 2/2
   959 | D:2      | Reached skill level 3 in Long Blades
  1036 | D:2      | Found a faded altar of an unknown god.
  1114 | D:2      | Identified the +0 leather armour of the Fisher {+Inv rElec
                  | rF+ Int-3 Dex+6}
  1170 | D:2      | Reached XP level 4. HP: 37/40 MP: 3/3
  1337 | D:2      | Identified the +1 buckler of the Endless Expanse {rC+
                  | Regen+ Str+2 Dex+5}
  1432 | D:2      | Learned a level 1 spell: Magic Dart
  1675 | D:3      | Got the Omnibus of Peregrination
  2940 | D:4      | Noticed Eustachio
  2958 | D:4      | Killed Eustachio
  2959 | D:4      | Reached skill level 4 in Long Blades
  2959 | D:4      | Reached skill level 5 in Armour
  2959 | D:4      | Reached XP level 5. HP: 47/47 MP: 4/4
  2964 | D:4      | Reached XP level 6. HP: 55/55 MP: 5/5
  2966 | D:4      | Reached skill level 5 in Shields
  2993 | D:4      | Reached skill level 5 in Fighting
  2993 | D:4      | Reached skill level 5 in Long Blades
  3444 | D:4      | Identified a scroll of acquirement
  3444 | D:4      | Acquired the ring of the Disturbing Planets {MP+9 Dex+4}
  3450 | D:5      | Entered Level 5 of the Dungeon
  3570 | D:5      | Found Vups's Antique Armour Shop.
  3606 | D:5      | Reached skill level 6 in Long Blades
  3606 | D:5      | Reached XP level 7. HP: 61/61 MP: 6/6
  3668 | D:5      | Reached skill level 7 in Long Blades
  3688 | D:5      | Reached XP level 8. HP: 70/70 MP: 7/7
  3851 | D:5      | Reached skill level 8 in Long Blades
  4139 | D:5      | Found a glowing drain.
  4430 | D:6      | Found a staircase to the Ecumenical Temple.
  4783 | D:6      | Reached skill level 9 in Long Blades
  4998 | D:6      | Found a shimmering altar of Xom.
  5230 | Temple   | Entered the Ecumenical Temple
  5502 | Temple   | Became a worshipper of Qazlal Stormbringer
  5681 | D:7      | Reached XP level 9. HP: 67/79 MP: 8/8
  5818 | D:7      | Reached skill level 10 in Long Blades
  6347 | D:8      | Noticed a two-headed ogre
  6356 | D:8      | Killed a two-headed ogre
  6357 | D:8      | Reached skill level 11 in Long Blades
  6453 | D:8      | Reached XP level 10. HP: 87/90 MP: 9/9
  6518 | D:8      | Found Ygevapy's Book Shoppe.
  6581 | D:8      | Reached * piety under Qazlal
  7230 | D:9      | Reached skill level 12 in Long Blades
  7276 | D:9      | Found a staircase to the Orcish Mines.
  7451 | D:9      | Found a staircase to the Lair.
  7478 | Lair:1   | Entered Level 1 of the Lair of Beasts
  7601 | Lair:1   | Found a sparkling altar of Nemelex Xobeh.
  7716 | Lair:1   | Noticed a cane toad
  7719 | Lair:1   | Noticed a black mamba
  7726 | Lair:1   | Killed a cane toad
  7733 | Lair:1   | Killed a black mamba
  7734 | Lair:1   | Reached skill level 13 in Long Blades
  7787 | Lair:1   | Reached skill level 10 in Shields
  7899 | Lair:1   | Reached ** piety under Qazlal
  8105 | Lair:1   | Reached XP level 11. HP: 90/99 MP: 10/10
  8438 | Lair:2   | Found a staircase to the Swamp.
  8463 | Lair:2   | Reached skill level 10 in Fighting
  8467 | Lair:2   | HP: 4/99 [poisoned by a cane toad]
  8588 | Lair:2   | Noticed a skyshark
  8603 | Lair:2   | Killed a skyshark
  8903 | Lair:2   | Noticed a boulder beetle
  8910 | Lair:2   | Reached skill level 14 in Long Blades
  8913 | Lair:2   | Reached skill level 10 in Armour
  8946 | Lair:2   | Killed a boulder beetle
  9707 | Lair:3   | Noticed a wolf spider
  9710 | Lair:3   | Killed a wolf spider
  9711 | Lair:3   | Reached XP level 12. HP: 110/110 MP: 11/11
  9714 | Lair:3   | Found a hole to the Spider Nest.
  9722 | Lair:3   | Noticed a death yak
  9722 | Lair:3   | Noticed a death yak
  9723 | Lair:3   | Noticed a death yak
  9725 | Lair:3   | Noticed a death yak
  9736 | Lair:3   | Killed a death yak
  9747 | Lair:3   | Killed a death yak
  9747 | Lair:3   | Reached *** piety under Qazlal
  9752 | Lair:3   | Killed a death yak
  9753 | Lair:3   | Reached skill level 15 in Long Blades
  9764 | Lair:3   | Killed a death yak
 10228 | Spider:1 | Entered Level 1 of the Spider Nest
 10238 | Spider:1 | Slain by a ghost moth

Illustrated notes

Levels and vault maps discovered:
D:1:      spicycebolla_arrival_transporter_tutorial, layout_basic,
          hangedman_decor_peaks_small
D:2:      layout_rooms, dreamdust_ecumenical_altar_angels_and_demons,
          minmay_heptomino_w4
D:3:      layout_loops_corners, minivault_11, minivault_5,
          chequers_serial_rivers_marsh
D:4:      layout_loops_cross, grunt_ministairs_9, uniq_eustachio
D:5:      minmay_chambers_of_threes, layout_basic, portal_sewer_entry_a,
          serial_shops, nicolae_inconvenience_store
D:6:      layout_gridville, lemuel_tele_altar, minmay_temple_entry_glassed_door,
          nrook_pool_corridor
D:7:      layout_loops_cross, kennysheep_generic_room_10
D:8:      layout_rooms, serial_shops, shop
D:9:      layout_loops_ring, grunt_temple_overflow_lords_of_destruction,
          david_lair_shrubbed, david_orc_3
Temple:   nicolae_temple_bog_church
Lair:1:   layout_chaotic_city, basic_altar
Lair:2:   layout_chaotic_city, swamp_mist_pool, grunt_megastairs_5,
          serial_bayou_shore_a, lemuel_fruit_fields, infiniplex_staircase_pool_2
Lair:3:   layout_chaotic_city, spider_nest_entry_rubble, serial_bayou_shore_b
Spider:1: layout_spider_delve

Skill      XL: |  1  2  3  4  5  6  7  8  9 10 11 12 |
---------------+-------------------------------------+-----
Shields        | 4 5 6 8 10 11 12 | 12.4
Fighting       | 4 5 6 7 8 9 11 | 11.9
Armour         | 4 5 6 7 8 9 10 | 10.7
Long Blades    | 3 4 6 7 9 11 13 14 15 | 15.2

Action                     |  1- 3 |  4- 6 |  7- 9 | 10-12 || total
---------------------------+-------+-------+-------+-------++-------
  Melee: Long sword        |    86 |    76 |       |       ||   162
         Headbutt          |     9 |    23 |    49 |   106 ||   187
         Falchion          |       |    41 |   235 |   463 ||   739
    Use: Scroll            |     3 |    12 |     4 |     9 ||    28
         Potion            |       |     1 |       |     7 ||     8
   Stab: Sleeping          |       |       |     2 |       ||     2
 Armour: Scale mail        |    48 |    38 |       |       ||    86
         Ring mail         |       |    20 |    90 |   120 ||   230
         Skin              |       |       |       |    15 ||    15
  Dodge: Dodged            |    51 |    54 |    94 |    85 ||   284
  Block: Buckler           |    23 |    27 |    84 |   197 ||   331
